 Dungeon Crawl Stone Soup version 0.22.1-1-ga44c0e5 (webtiles) character file.

182 Anon1729 the Shield-Bearer (level 5, -5/49 HPs)
             Began as a Deep Dwarf Fighter on Nov 11, 2018.
             Slain by a gnoll
             ... wielding a +2 whip of electrocution
              (13 damage)
             ... on level 2 of the Dungeon.
             The game lasted 00:04:04 (1780 turns).

Anon1729 the Shield-Bearer (Deep Dwarf Fighter)     Turns: 1780, Time: 00:04:05

Health: -5/49      AC: 11    Str: 20    XL:     5   Next: 34%
Magic:  5/5        EV:  4    Int:  9    God:
Gold:   92         SH:  9    Dex: 12    Spells: 4/4 levels left

rFire    . . .     SeeInvis .   a - +0 flail
rCold    . . .     Gourm    .   c - +0 shield
rNeg     . . .     Faith    .   m - +0 plate armour (curse)
rPois    .         Spirit   .   (no helmet)
rElec    .         Reflect  .   (no cloak)
rCorr    .         Harm     .   (no gloves)
MR       .....                  (no boots)
Stlth    ..........             (no amulet)
HPRegen  0.00/turn              (no ring)
MPRegen  0.09/turn              (no ring)

@: non-regenerating
A: damage resistance, heal wounds, sense surroundings 1, no regeneration
a: Heal Wounds


You were on level 2 of the Dungeon.
You were very hungry.

You visited 1 branch of the dungeon, and saw 2 of its levels.

You collected 92 gold pieces.

Inventory:

Hand Weapons
 a - a +0 flail (weapon)
 p - a +0 shortbow
 v - a +0 hunting sling
Missiles
 e - 40 arrows
Armour
 b - a +0 scale mail
 c - a +0 shield (worn)
 m - a cursed +0 plate armour (worn)
Scrolls
 h - a scroll of teleportation {unknown}
 i - a scroll of remove curse {unknown}
 k - 3 scrolls of blinking {unknown}
 q - a scroll of fog {unknown}
 u - a scroll of amnesia {unknown}
Potions
 d - 2 potions of might
 g - a potion of brilliance {unknown}
 j - a potion of lignification {unknown}
 n - a potion of cancellation {unknown}
 r - 2 potions of mutation {unknown}
 s - a potion of flight {unknown}
 t - a potion of heal wounds {unknown}
Comestibles
 f - 4 rations


   Skills:
 + Level 3.6 Fighting
 + Level 3.2 Maces & Flails
 + Level 4.3 Armour
 + Level 4.4 Shields


You had 4 spell levels left.
You didn't know any spells.
Your spell library was empty.

Dungeon Overview and Level Annotations

Branches:
Dungeon (2/15)

Altars:
Vehumet


Innate Abilities, Weirdness & Mutations

You are resistant to damage.
You can heal yourself by infusing magical energy.
You passively map a small area around you.
You do not regenerate.


Message History

The gnoll hits you with a whip!
Firing (i - inventory)
l - 2 stones (quivered)
Press: ? - help, Shift-Dir - straight line, f/p - gnoll
Aim: a gnoll, wielding a whip (almost dead)
You shoot a stone. The stone hits the gnoll.
You kill the gnoll!
Firing (i - inventory)
l - a stone (quivered)
Press: ? - help, Shift-Dir - straight line, f - gnoll
Aim: a gnoll, wielding a whip of electrocution You shoot a stone.
The stone barely misses the gnoll.
You block the gnoll's attack.
There is a stone staircase leading down here.
Wield which item (- for none, * to show all)? (? for menu, Esc to quit)
a - a +0 flail (weapon)
You sock the gnoll!
The gnoll is severely wounded.
The gnoll hits you but does no damage.
You are electrocuted!
* * * LOW HITPOINT WARNING * * *
The gnoll hits you but does no damage.
You are electrocuted!
You die...

######## #....... ####.######
######....# #....#....#
#.##.#....# ###.##.##.#.######
#...##....#.##....
#@############.##.
#####g.............##.
##########.....##.###..........
#........#..)..##.##.######.###
#........#.(...##.#.#.## #.#
##........#.....##.#..#.## #.# #
#........(.........#...#.###.###
#........(#.....####....#.##.##.
#.#####.#.#.....# #.....#.#.#.#


You could see a gnoll.

Vanquished Creatures
  A centaur (D:2)
  2 gnolls (D:2)
  2 adders (D:2)
  An ooze (D:1)
  3 dart slugs (D:1)
  5 leopard geckos
  6 bats
  4 giant cockroaches
  3 goblins (D:1)
  5 hobgoblins
  3 jackals (D:1)
  3 frilled lizards
  6 kobolds
  6 rats
50 creatures vanquished.

Notes
Turn   | Place    | Note
-------+----------+-------------------------------------------
     0 | D:1      | Anon1729 the Deep Dwarf Fighter began the quest for the
                  | Orb.
     0 | D:1      | Reached XP level 1. HP: 20/20 MP: 1/1
   137 | D:1      | Reached XP level 2. HP: 25/27 MP: 2/2
   459 | D:1      | Reached XP level 3. HP: 25/34 MP: 3/3
  1103 | D:2      | Noticed a centaur
  1106 | D:2      | Killed a centaur
  1106 | D:2      | Reached XP level 4. HP: 22/42 MP: 4/4
  1199 | D:2      | Found a radiant altar of Vehumet.
  1220 | D:2      | Reached XP level 5. HP: 24/49 MP: 5/5
  1780 | D:2      | Slain by a gnoll

Skill      XL: |  1  2  3 |
---------------+----------+-----
Fighting       | 3 |  3.6
Maces & Flails | 3 |  3.2
Armour         | 4 |  4.3
Shields        | 4 |  4.4

Action                   |  1- 3 |  4- 6 || total
-------------------------+-------+-------++-------
Melee: Flail             |   106 |    64 ||   170
 Fire: Hunting sling     |       |    11 ||    11
Throw: Stone             |     4 |     5 ||     9
  Eat: Chunk             |     1 |     1 ||     2
Armor: Scale mail        |    21 |       ||    21
       Plate armour      |    46 |    61 ||   107
Dodge: Dodged            |    19 |    11 ||    30
Block: Shield            |    52 |    46 ||    98
